[ PARTIDA AOE2 · #513824759 ]
UnrankedPersas vs Armenians
Equipo del jugador · DERR
Equipo rival · VICT
[ ANÁLISIS DE REPETICIÓN · EXTRAÍDO DE LA PARTIDA GRABADA ]
Feudal
14:54
Castillos
23:57
Imperial
37:58
| APM promedio | 29.0 |
| APM pico | 72 |
| eAPM promedio | 15.2 |
| Aldeanos / militares | 76 / 86 |
Foco
⚔️ 32.6% · 🌾 67.4%
Scout Cavalry ×63 · Fishing Ship ×41 · Fire Galley ×9 · Galley ×7 · Trebuchet (Packed) ×4 · Knight ×2
Feudal
13:46
Castillos
18:59
Imperial
37:15
| APM promedio | 45.0 |
| APM pico | 105 |
| eAPM promedio | 23.2 |
| Aldeanos / militares | 82 / 46 |
Foco
⚔️ 25.9% · 🌾 74.1%
Composite Bowman ×25 · Fishing Ship ×14 · Fire Galley ×6 · Monk ×5 · Trebuchet (Packed) ×5 · Hulk ×3
Mapa de la partida
Recursos iniciales + cada clic de construcción. Líneas = muros · curvas = relieve. ◆ oro · ⬟ piedra · ● bayas · ✦ reliquia · ◌ hueco del cierre
Tu base· Abierta — hueco de 2t
Base de AASC | TITO_PUENTE· Abierta — hueco de 15t
Terreno inicial suavizado · ◌ = hueco del cierre detectado · pasá el cursor para detalles
Inputs por minuto
— Gerodrick - - AASC | TITO_PUENTE
Build order — Gerodrick
Primeras 150 de 318 acciones detectadas
| 0:14 | Construir | Town Center |
| 0:36 | Construir | House |
| 0:39 | Construir | House |
| 1:56 | Construir | Dock |
| 2:33 | Encolar | Villager (Male) |
| 2:33 | Encolar | Villager (Male) |
| 2:33 | Encolar | Villager (Male) |
| 2:33 | Encolar | Villager (Male) |
| 2:33 | Encolar | Villager (Male) |
| 2:33 | Encolar | Villager (Male) |
| 3:25 | Encolar | Fishing Ship |
| 4:05 | Encolar | Fishing Ship |
| 4:33 | Encolar | Villager (Male) |
| 5:00 | Encolar | Fishing Ship |
| 5:01 | Encolar | Fishing Ship |
| 5:23 | Investigar | Loom |
| 5:27 | Encolar | Fishing Ship |
| 5:28 | Encolar | Fishing Ship |
| 5:35 | Construir | House |
| 5:41 | Encolar | Villager (Male) |
| 5:41 | Encolar | Villager (Male) |
| 5:41 | Encolar | Villager (Male) |
| 5:41 | Encolar | Villager (Male) |
| 5:41 | Encolar | Villager (Male) |
| 5:41 | Encolar | Villager (Male) |
| 6:08 | Encolar | Fishing Ship |
| 6:19 | Encolar | Villager (Male) |
| 6:19 | Encolar | Villager (Male) |
| 6:19 | Encolar | Villager (Male) |
| 6:19 | Encolar | Villager (Male) |
| 6:25 | Encolar | Fishing Ship |
| 6:38 | Construir | House |
| 6:54 | Encolar | Villager (Male) |
| 6:54 | Encolar | Villager (Male) |
| 6:54 | Encolar | Villager (Male) |
| 6:55 | Encolar | Villager (Male) |
| 6:55 | Encolar | Villager (Male) |
| 6:55 | Encolar | Villager (Male) |
| 7:17 | Encolar | Fishing Ship |
| 7:37 | Encolar | Villager (Male) |
| 7:37 | Encolar | Villager (Male) |
| 7:37 | Encolar | Villager (Male) |
| 7:37 | Encolar | Villager (Male) |
| 7:37 | Encolar | Villager (Male) |
| 7:37 | Encolar | Villager (Male) |
| 8:02 | Encolar | Villager (Male) |
| 8:27 | Construir | Dock |
| 8:35 | Encolar | Fishing Ship |
| 8:44 | Encolar | Villager (Male) |
| 8:44 | Encolar | Villager (Male) |
| 8:45 | Encolar | Villager (Male) |
| 8:56 | Construir | House |
| 8:58 | Construir | House |
| 9:09 | Encolar | Villager (Male) |
| 9:15 | Encolar | Fishing Ship |
| 9:18 | Construir | House |
| 9:32 | Encolar | Villager (Male) |
| 9:39 | Encolar | Villager (Male) |
| 10:26 | Construir | Palisade Wall |
| 10:33 | Encolar | Villager (Male) |
| 10:34 | Encolar | Villager (Male) |
| 10:43 | Encolar | Fishing Ship |
| 10:46 | Encolar | Fishing Ship |
| 11:02 | Encolar | Villager (Male) |
| 11:11 | Construir | Mining Camp |
| 11:28 | Encolar | Villager (Male) |
| 12:05 | Construir | Dock |
| 12:25 | Encolar | Villager (Male) |
| 12:51 | Investigar | Feudal Age |
| 13:17 | Construir | Mill |
| 13:43 | Encolar | Fishing Ship |
| 13:43 | Encolar | Fishing Ship |
| 14:34 | Encolar | Villager (Male) |
| 14:34 | Encolar | Villager (Male) |
| 14:54 | Edad | Edad Feudal |
| 14:56 | Encolar | Fire Galley |
| 14:56 | Encolar | Fire Galley |
| 15:08 | Construir | Watch Tower |
| 15:18 | Encolar | Hulk |
| 15:27 | Encolar | Fire Galley |
| 15:50 | Construir | House |
| 15:51 | Construir | House |
| 16:23 | Encolar | Fire Galley |
| 16:23 | Encolar | Fire Galley |
| 16:30 | Construir | Palisade Wall |
| 16:32 | Construir | Palisade Wall |
| 16:36 | Construir | Palisade Wall |
| 16:39 | Construir | Palisade Wall |
| 16:42 | Construir | Palisade Wall |
| 16:47 | Construir | Palisade Wall |
| 16:59 | Construir | Palisade Wall |
| 17:29 | Encolar | Galley |
| 17:29 | Encolar | Galley |
| 18:06 | Encolar | Villager (Male) |
| 18:06 | Encolar | Villager (Male) |
| 18:27 | Encolar | Fire Galley |
| 18:52 | Encolar | Villager (Male) |
| 18:53 | Encolar | Villager (Male) |
| 19:03 | Construir | Lumber Camp |
| 19:19 | Encolar | Villager (Male) |
| 20:08 | Encolar | Villager (Male) |
| 20:12 | Construir | Market |
| 20:18 | Encolar | Villager (Male) |
| 20:36 | Construir | Dock |
| 20:56 | Encolar | Villager (Male) |
| 20:59 | Construir | Blacksmith |
| 21:02 | Construir | House |
| 21:04 | Construir | House |
| 21:20 | Encolar | Fire Galley |
| 21:20 | Encolar | Fire Galley |
| 21:25 | Construir | House |
| 21:29 | Encolar | Villager (Male) |
| 21:32 | Investigar | Castle Age |
| 21:36 | Investigar | Double-Bit Axe |
| 22:26 | Construir | Barracks |
| 22:54 | Investigar | Scale Barding Armor |
| 23:10 | Construir | Stable |
| 23:17 | Construir | House |
| 23:23 | Investigar | Fishing Lines |
| 23:42 | Encolar | Fire Galley |
| 23:47 | Encolar | Villager (Male) |
| 23:50 | Investigar | Bloodlines |
| 23:53 | Construir | Stable |
| 23:57 | Edad | Edad de los Castillos |
| 24:19 | Encolar | Fishing Ship |
| 24:19 | Encolar | Fishing Ship |
| 25:00 | Encolar | Villager (Male) |
| 25:00 | Encolar | Villager (Male) |
| 25:11 | Construir | Dock |
| 25:16 | Encolar | Fishing Ship |
| 25:21 | Investigar | Gillnets |
| 25:50 | Encolar | Knight |
| 25:50 | Encolar | Knight |
| 25:57 | Construir | Lumber Camp |
| 25:59 | Construir | Mill |
| 26:03 | Encolar | Villager (Male) |
| 26:03 | Encolar | Villager (Male) |
| 26:28 | Encolar | Galley |
| 26:28 | Encolar | Galley |
| 26:31 | Encolar | Villager (Male) |
| 26:31 | Encolar | Villager (Male) |
| 27:06 | Investigar | Fletching |
| 27:07 | Encolar | Villager (Male) |
| 27:08 | Encolar | Villager (Male) |
| 27:11 | Encolar | Villager (Male) |
| 27:18 | Construir | Fish Trap |
| 27:20 | Construir | Fish Trap |
| 27:23 | Construir | Fish Trap |
| 27:26 | Construir | Fish Trap |
| 27:29 | Construir | Fish Trap |
Build order — AASC | TITO_PUENTE
Primeras 150 de 259 acciones detectadas
| 0:29 | Construir | Town Center |
| 0:38 | Construir | Dock |
| 0:40 | Construir | House |
| 2:33 | Encolar | Villager (Male) |
| 2:34 | Encolar | Villager (Male) |
| 2:41 | Encolar | Villager (Male) |
| 2:41 | Encolar | Villager (Male) |
| 2:42 | Encolar | Villager (Male) |
| 3:27 | Investigar | Loom |
| 3:46 | Encolar | Villager (Male) |
| 3:46 | Encolar | Villager (Male) |
| 4:29 | Encolar | Villager (Male) |
| 4:29 | Encolar | Villager (Male) |
| 4:30 | Encolar | Fishing Ship |
| 4:53 | Construir | House |
| 4:55 | Encolar | Villager (Male) |
| 4:55 | Encolar | Villager (Male) |
| 5:45 | Encolar | Fishing Ship |
| 5:48 | Encolar | Villager (Male) |
| 5:48 | Encolar | Villager (Male) |
| 6:34 | Encolar | Villager (Male) |
| 6:34 | Encolar | Villager (Male) |
| 6:35 | Encolar | Villager (Male) |
| 6:37 | Encolar | Fishing Ship |
| 6:39 | Construir | House |
| 6:44 | Construir | House |
| 7:16 | Encolar | Villager (Male) |
| 7:16 | Encolar | Villager (Male) |
| 7:27 | Encolar | Fishing Ship |
| 7:54 | Encolar | Villager (Male) |
| 8:07 | Encolar | Villager (Male) |
| 8:08 | Encolar | Fishing Ship |
| 8:31 | Encolar | Villager (Male) |
| 8:51 | Encolar | Fishing Ship |
| 8:54 | Construir | House |
| 9:08 | Encolar | Fishing Ship |
| 9:23 | Encolar | Villager (Male) |
| 9:24 | Encolar | Villager (Male) |
| 9:33 | Construir | Mill |
| 9:37 | Construir | Palisade Wall |
| 9:38 | Construir | Palisade Wall |
| 9:44 | Construir | Palisade Wall |
| 9:45 | Construir | Palisade Wall |
| 9:58 | Encolar | Villager (Male) |
| 10:05 | Encolar | Villager (Male) |
| 10:15 | Encolar | Villager (Male) |
| 10:25 | Encolar | Fishing Ship |
| 11:34 | Construir | House |
| 11:36 | Investigar | Feudal Age |
| 11:51 | Construir | Dock |
| 12:30 | Construir | Mule Cart |
| 12:45 | Construir | Mule Cart |
| 13:46 | Edad | Edad Feudal |
| 13:50 | Encolar | Fire Galley |
| 13:51 | Encolar | Fire Galley |
| 13:53 | Encolar | Hulk |
| 13:54 | Encolar | Hulk |
| 14:20 | Encolar | Villager (Male) |
| 14:29 | Construir | Mill |
| 14:39 | Construir | Market |
| 14:53 | Construir | House |
| 14:57 | Construir | House |
| 15:37 | Encolar | Villager (Male) |
| 15:52 | Construir | Blacksmith |
| 16:14 | Encolar | Villager (Male) |
| 16:19 | Investigar | Castle Age |
| 16:21 | Encolar | Villager (Male) |
| 16:23 | Construir | Mule Cart |
| 18:13 | Encolar | Villager (Male) |
| 18:19 | Construir | Barracks |
| 18:59 | Edad | Edad de los Castillos |
| 19:00 | Construir | House |
| 19:02 | Construir | House |
| 19:10 | Construir | Palisade Wall |
| 19:12 | Construir | Palisade Wall |
| 19:43 | Encolar | Hulk |
| 19:44 | Encolar | Villager (Male) |
| 20:32 | Construir | Town Center |
| 20:43 | Construir | Castle |
| 20:47 | Construir | Castle |
| 20:53 | Encolar | Villager (Male) |
| 20:53 | Encolar | Villager (Male) |
| 20:53 | Encolar | Villager (Male) |
| 20:54 | Encolar | Villager (Male) |
| 21:31 | Construir | Mule Cart |
| 21:46 | Investigar | Wheelbarrow |
| 21:47 | Investigar | Town Watch |
| 21:53 | Construir | Farm |
| 22:07 | Investigar | Horse Collar |
| 22:07 | Investigar | Horse Collar |
| 22:26 | Encolar | Villager (Male) |
| 22:32 | Construir | Palisade Wall |
| 22:50 | Construir | Stone Wall |
| 22:59 | Construir | Stone Wall |
| 23:00 | Construir | Stone Wall |
| 23:08 | Encolar | Villager (Male) |
| 23:21 | Encolar | Villager (Male) |
| 23:31 | Construir | Monastery |
| 23:35 | Encolar | Villager (Male) |
| 23:45 | Construir | Farm |
| 23:51 | Construir | Farm |
| 24:01 | Encolar | Composite Bowman |
| 24:07 | Investigar | Fletching |
| 24:15 | Construir | Farm |
| 24:18 | Construir | Farm |
| 24:23 | Encolar | Villager (Male) |
| 24:23 | Encolar | Villager (Male) |
| 24:28 | Encolar | Monk |
| 24:32 | Encolar | Monk |
| 24:38 | Encolar | Composite Bowman |
| 24:45 | Encolar | Composite Bowman |
| 24:47 | Investigar | Bodkin Arrow |
| 24:47 | Investigar | Bodkin Arrow |
| 24:52 | Construir | Farm |
| 25:08 | Encolar | Villager (Male) |
| 25:12 | Construir | Farm |
| 25:17 | Construir | Mill |
| 25:25 | Encolar | Villager (Male) |
| 25:38 | Construir | House |
| 25:41 | Construir | House |
| 25:43 | Encolar | Villager (Male) |
| 25:46 | Encolar | Villager (Male) |
| 25:50 | Encolar | Villager (Male) |
| 26:58 | Encolar | Villager (Male) |
| 27:04 | Encolar | Villager (Male) |
| 27:07 | Encolar | Villager (Male) |
| 27:18 | Encolar | Villager (Male) |
| 27:18 | Encolar | Villager (Male) |
| 27:19 | Encolar | Villager (Male) |
| 27:28 | Encolar | Villager (Male) |
| 27:28 | Encolar | Composite Bowman |
| 27:33 | Construir | University |
| 27:36 | Construir | Town Center |
| 27:38 | Encolar | Villager (Male) |
| 27:39 | Encolar | Composite Bowman |
| 27:41 | Encolar | Composite Bowman |
| 27:48 | Encolar | Villager (Male) |
| 27:54 | Encolar | Villager (Male) |
| 27:57 | Encolar | Villager (Male) |
| 28:09 | Encolar | Villager (Male) |
| 28:15 | Construir | Dock |
| 28:20 | Construir | Dock |
| 28:23 | Construir | Dock |
| 28:26 | Encolar | Villager (Male) |
| 28:38 | Encolar | Villager (Male) |
| 28:46 | Construir | House |
| 28:46 | Construir | House |
| 28:46 | Construir | House |
| 28:47 | Construir | House |
| 28:47 | Construir | House |
Cronología de la partida
| 0:38 | AASC | TITO_PUENTE · first_building Dock |
| 1:56 | Gerodrick · first_building Dock |
| 9:37 | AASC | TITO_PUENTE · wall_segment Palisade Wall x1 |
| 9:38 | AASC | TITO_PUENTE · wall_segment Palisade Wall x1 |
| 9:44 | AASC | TITO_PUENTE · wall_segment Palisade Wall x1 |
| 9:45 | AASC | TITO_PUENTE · wall_segment Palisade Wall x2 |
| 10:26 | Gerodrick · wall_segment Palisade Wall x1 |
| 13:46 | AASC | TITO_PUENTE · age_up feudal |
| 14:54 | Gerodrick · age_up feudal |
| 16:30 | Gerodrick · wall_segment Palisade Wall x1 |
| 16:32 | Gerodrick · wall_segment Palisade Wall x1 |
| 16:36 | Gerodrick · wall_segment Palisade Wall x1 |
| 16:39 | Gerodrick · wall_segment Palisade Wall x1 |
| 16:42 | Gerodrick · wall_segment Palisade Wall x1 |
| 16:47 | Gerodrick · wall_segment Palisade Wall x1 |
| 16:59 | Gerodrick · wall_segment Palisade Wall x1 |
| 18:19 | AASC | TITO_PUENTE · first_building Barracks |
| 18:59 | AASC | TITO_PUENTE · age_up castle |
| 19:10 | AASC | TITO_PUENTE · wall_segment Palisade Wall x2 |
| 19:12 | AASC | TITO_PUENTE · wall_segment Palisade Wall x1 |
| 20:12 | AASC | TITO_PUENTE · first_market_buy 100 wood |
| 20:43 | AASC | TITO_PUENTE · first_building Castle |
| 22:26 | Gerodrick · first_building Barracks |
| 22:32 | AASC | TITO_PUENTE · wall_segment Palisade Wall x1 |
| 22:50 | AASC | TITO_PUENTE · wall_segment Stone Wall x1 |
| 22:59 | AASC | TITO_PUENTE · wall_segment Stone Wall x1 |
| 23:00 | AASC | TITO_PUENTE · wall_segment Stone Wall x1 |
| 23:10 | Gerodrick · first_building Stable |
| 23:31 | AASC | TITO_PUENTE · first_building Monastery |
| 23:57 | Gerodrick · age_up castle |
| 33:08 | AASC | TITO_PUENTE · first_building Siege Workshop |
| 33:50 | Gerodrick · first_building Monastery |
| 34:00 | AASC | TITO_PUENTE · first_market_sell 100 wood |
| 34:02 | Gerodrick · first_building Castle |
| 37:15 | AASC | TITO_PUENTE · age_up imperial |
| 37:58 | Gerodrick · age_up imperial |
| 40:41 | Gerodrick · resign |
[ ANÁLISIS IA · 1 CRÉDITO ]
¿Qué pasó realmente en esta partida?
Wolo.gg analiza cada decisión: build order, eco, micro, errores típicos por bracket. Análisis personalizado por WhatsApp o Discord en 30 segundos.
Guía civ
Persas
Perfil
Jugador #453107